APP
WASHINGTON (APP) NATIONALS @ OGDEN RAPTORS
09/21/2049
 
TOP OF THE 1ST
Washington (APP) Nationals batting - Pitching for Ogden Raptors : RHP Drew Manderfield
Pitching: RHP Drew Manderfield
Batting: RHB Victor Rojas 0-0: Called Strike
0-1: Ball
1-1: Hit by Pitch
Batting: RHB Ivan Torres 0-0: Ball
Victor Rojas steals 2nd, throwing error, E2
Victor Rojas to third
1-0: Ball
2-0: Ball
3-0: Base on Balls
Batting: RHB Akira Ishihara 0-0: Ball
Ivan Torres steals 2nd base
1-0: SINGLE (Line Drive, 9S, EV 113.1 MPH)
Victor Rojas scores
Ivan Torres to third
Runner from 3rd tries for Home, SAFE, throw by RF to home
Batting: RHB Ryan Wright 0-0: Ball
1-0: Called Strike
1-1: Foul Ball, location: 2F
1-2: Ball
2-2: Strikes out looking
Batting: LHB Emery Helm 0-0: Foul Ball, location: 2F
0-1: Ball
1-1: Ball
2-1: Swinging Strike
2-2: Foul Ball, location: 2F
2-2: Strikes out looking
Batting: RHB Steve Boice 0-0: Called Strike
0-1: Ball
1-1: Ball
2-1: Ball
3-1: Called Strike
3-2: Strikes out swinging
Top of the 1st over - 2 runs, 1 hit, 1 error, 1 left on base; Washington (APP) 2 - Ogden 0
BOTTOM OF THE 1ST
Ogden Raptors batting - Pitching for Washington (APP) Nationals : RHP James Harewood
Pitching: RHP James Harewood
Batting: SHB Javy Franco 0-0: Ball
1-0: Fly out, F8 (Flyball, 8RD, EV 93.1 MPH)
Batting: SHB Alex Noval 0-0: Called Strike
0-1: Ball
1-1: Ball
2-1: Ball
3-1: Base on Balls
Batting: RHB Adam Maczko 0-0: Ball
1-0: Called Strike
1-1: Called Strike
1-2: Ball
2-2: Ball
3-2: Foul Ball, location: 2F
3-2: Base on Balls
Alex Noval to second
Batting: LHB Pedro Garza 0-0: Ball
1-0: Ball
2-0: Foul Ball, location: 2F
2-1: Grounds into double play, 6-4-3 (Groundball, 6M, EV 85.6 MPH)
Bottom of the 1st over - 0 runs, 0 hits, 0 errors, 1 left on base; Washington (APP) 2 - Ogden 0
TOP OF THE 2ND
Washington (APP) Nationals batting - Pitching for Ogden Raptors : RHP Drew Manderfield
Batting: RHB Jorge Torres 0-0: Ball
1-0: Swinging Strike
1-1: Ground out 4-3 (Groundball, 4, EV 83.8 MPH)
Batting: RHB Alex Gonzalez 0-0: Called Strike
0-1: Called Strike
0-2: Ball
1-2: Strikes out swinging
Batting: RHB Trent Spivey 0-0: Ball
1-0: Ball
2-0: Swinging Strike
2-1: Foul Ball, location: 2F
2-2: Ground out 5-3 (Groundball, 5, EV 86.9 MPH)
Top of the 2nd over - 0 runs, 0 hits, 0 errors, 0 left on base; Washington (APP) 2 - Ogden 0
BOTTOM OF THE 2ND
Ogden Raptors batting - Pitching for Washington (APP) Nationals : RHP James Harewood
Batting: LHB Fernão Manta 0-0: Ball
1-0: Foul Ball, location: 9LSF, Error on foul ball, E9
1-1: Ball
2-1: Ball
3-1: Called Strike
3-2: Foul Ball, location: 2F
3-2: Base on Balls
Batting: SHB Jesus Gomez 0-0: Ball
1-0: Hit by Pitch
Fernão Manta to second
Batting: RHB Kekoa Kahele 0-0: Foul Ball, location: 2F
0-1: Called Strike
0-2: Ball
1-2: Ball
2-2: Ball
3-2: Foul Ball, location: 2F
3-2: Foul Ball, location: 2F
3-2: SINGLE (Groundball, 56D, EV 96.2 MPH)
Fernão Manta to third
Jesus Gomez to second
Batting: RHB Will Barksdale 0-0: Ball
1-0: Ball
2-0: Ball
3-0: Base on Balls
Fernão Manta scores
Jesus Gomez to third
Kekoa Kahele to second
Batting: SHB Jason Todd 0-0: Called Strike
0-1: Foul Ball, location: 2F
0-2: Strikes out swinging
Batting: SHB Javy Franco 0-0: Fly out, F8 (Flyball, 8LXD, EV 93.8 MPH)
Runner from 3rd tags up, SCORES, no throw by CF
Kekoa Kahele to third
Batting: SHB Alex Noval 0-0: Ball
1-0: Called Strike
1-1: Called Strike
1-2: Foul Ball, location: 2F
1-2: Ball
2-2: SINGLE (Groundball, 25, EV 67.5 MPH) (infield hit)
Kekoa Kahele scores
Will Barksdale to second
Batting: RHB Adam Maczko 0-0: Ball
1-0: Ground out 5-3 (Groundball, 56S, EV 85.6 MPH)
Bottom of the 2nd over - 3 runs, 2 hits, 1 error, 2 left on base; Washington (APP) 2 - Ogden 3
TOP OF THE 3RD
Washington (APP) Nationals batting - Pitching for Ogden Raptors : RHP Drew Manderfield
Batting: RHB Victor Rojas 0-0: Called Strike
0-1: Swinging Strike
0-2: Strikes out looking
Batting: RHB Ivan Torres 0-0: Ball
1-0: Swinging Strike
1-1: Ball
2-1: Ball
3-1: Base on Balls
Batting: RHB Akira Ishihara 0-0: Foul Ball, location: 2F
0-1: SINGLE (Groundball, 6MD, EV 96.2 MPH)
Ivan Torres to second
Batting: RHB Ryan Wright 0-0: Ball
1-0: Ball
2-0: Ball
3-0: Base on Balls
Ivan Torres to third
Akira Ishihara to second
Batting: LHB Emery Helm 0-0: Called Strike
0-1: Grounds into double play, 6-4-3 (Groundball, 6, EV 88.8 MPH)
Top of the 3rd over - 0 runs, 1 hit, 0 errors, 2 left on base; Washington (APP) 2 - Ogden 3
BOTTOM OF THE 3RD
Ogden Raptors batting - Pitching for Washington (APP) Nationals : RHP James Harewood
Batting: LHB Pedro Garza 0-0: Called Strike
0-1: Foul Ball, location: 2F
0-2: Hit by Pitch
Batting: LHB Fernão Manta 0-0: Ball
1-0: Ball
2-0: Ball
3-0: Base on Balls
Pedro Garza to second
Batting: SHB Jesus Gomez 0-0: Foul Ball, location: 2F
0-1: Foul Ball, location: 2F
0-2: Ball
1-2: Fly out, F8 (Line Drive, 8RM, EV 96.2 MPH)
Batting: RHB Kekoa Kahele 0-0: Called Strike
0-1: Called Strike
0-2: Ball
1-2: Ball
2-2: Ball
3-2: Base on Balls
Pedro Garza to third
Fernão Manta to second
Batting: RHB Will Barksdale 0-0: Called Strike
0-1: Called Strike
0-2: Ball
1-2: Strikes out swinging
Batting: SHB Jason Todd 0-0: Ball
1-0: Ball
2-0: DOUBLE (Line Drive, 8RXD, EV 103.8 MPH)
Pedro Garza scores
Fernão Manta scores
Kekoa Kahele to third
Runner from 3rd tries for Home, SAFE, throw by CF to home
Pitching: RHP Faradur Bhutani
Batting: SHB Javy Franco 0-0: Ball
1-0: Called Strike
1-1: Ball
2-1: Foul Ball, location: 2F
2-2: Ball
3-2: Fly out, F7 (Flyball, 78XD, EV 94.4 MPH)
Bottom of the 3rd over - 3 runs, 1 hit, 0 errors, 1 left on base; Washington (APP) 2 - Ogden 6
TOP OF THE 4TH
Washington (APP) Nationals batting - Pitching for Ogden Raptors : RHP Drew Manderfield
Batting: RHB Steve Boice 0-0: Ball
1-0: Ball
2-0: Ground out 5-3 (Groundball, 56S, EV 84.4 MPH)
Batting: RHB Jorge Torres 0-0: Ball
1-0: Called Strike
1-1: Called Strike
1-2: Ball
2-2: Ball
3-2: Base on Balls
Batting: RHB Alex Gonzalez 0-0: Called Strike
0-1: Ball
1-1: Ball
2-1: Called Strike
Jorge Torres is caught stealing 2nd base 2-4
2-2: Foul Ball, location: 2F
2-2: Foul Ball, location: 2F
2-2: Strikes out swinging
Top of the 4th over - 0 runs, 0 hits, 0 errors, 0 left on base; Washington (APP) 2 - Ogden 6
BOTTOM OF THE 4TH
Ogden Raptors batting - Pitching for Washington (APP) Nationals : RHP Faradur Bhutani
Batting: SHB Alex Noval 0-0: Called Strike
0-1: Ball
1-1: Foul Ball, location: 2F
1-2: Ball
2-2: Ball
3-2: DOUBLE (Groundball, 3L, EV 100.0 MPH)
Batting: RHB Adam Maczko 0-0: Ball
1-0: Swinging Strike
1-1: Foul Ball, location: 2F
1-2: Ball
2-2: Ball
3-2: Base on Balls
Batting: LHB Pedro Garza 0-0: Ball
1-0: Ball
2-0: Foul Ball, location: 2F
2-1: Foul Ball, location: 2F
2-2: Strikes out swinging
Batting: LHB Fernão Manta 0-0: Ball
1-0: Ball
2-0: Ball
3-0: Foul Ball, location: 2F
3-1: Base on Balls
Alex Noval to third
Adam Maczko to second
Pitching: RHP Yorinobu Matsumoto
Batting: SHB Jesus Gomez 0-0: Ball
Wild Pitch!
Alex Noval scores
Adam Maczko to third
Fernão Manta to second
1-0: Ball
2-0: Ball
3-0: Foul Ball, location: 2F
3-1: Base on Balls
Batting: RHB Kekoa Kahele 0-0: Called Strike
0-1: Ball
1-1: Foul Ball, location: 2F
1-2: Foul Ball, location: 2F
1-2: Fielders Choice at 2nd, 4-6 (Groundball, 4M, EV 105.0 MPH)
Adam Maczko scores
Fernão Manta to third
Batting: RHB Will Barksdale 0-0: Ball
1-0: SINGLE (Groundball, 5D, EV 93.8 MPH)
Fernão Manta scores
Kekoa Kahele to second
Runner from 2nd tries for 3rd, OUT! 7-5
Bottom of the 4th over - 3 runs, 2 hits, 0 errors, 1 left on base; Washington (APP) 2 - Ogden 9
TOP OF THE 5TH
Washington (APP) Nationals batting - Pitching for Ogden Raptors : RHP Drew Manderfield
Batting: RHB Trent Spivey 0-0: Ball
1-0: Foul Ball, location: 2F
1-1: Ball
2-1: Foul Ball, location: 2F
2-2: Strikes out looking
Batting: RHB Victor Rojas 0-0: Foul Ball, location: 2F
0-1: Swinging Strike
0-2: Strikes out swinging
Batting: RHB Ivan Torres 0-0: Called Strike
0-1: Foul Ball, location: 2F
0-2: Ball
1-2: Ball
2-2: Strikes out swinging
Top of the 5th over - 0 runs, 0 hits, 0 errors, 0 left on base; Washington (APP) 2 - Ogden 9
BOTTOM OF THE 5TH
Ogden Raptors batting - Pitching for Washington (APP) Nationals : RHP Yorinobu Matsumoto
Batting: SHB Jason Todd 0-0: Ball
1-0: Foul Ball, location: 2F
1-1: Ball
2-1: Called Strike
2-2: Ground out 6-3 (Groundball, 6, EV 108.8 MPH)
Batting: SHB Javy Franco 0-0: Ball
1-0: Swinging Strike
1-1: Ball
2-1: Ball
3-1: Base on Balls
Batting: SHB Alex Noval 0-0: Ball
Javy Franco steals 2nd base
1-0: Swinging Strike
1-1: Ball
2-1: Called Strike
2-2: Foul Ball, location: 2F
2-2: Foul Ball, location: 2F
2-2: Ball
3-2: Strikes out swinging
Batting: RHB Adam Maczko 0-0: Ball
1-0: Foul Ball, location: 2F
1-1: SINGLE (Flyball, 8RS, EV 100.0 MPH)
Javy Franco to third
Runner from 3rd tries for Home, SAFE, throw by CF to home
Adam Maczko to second
Pitching: RHP Matt Crowley
Batting: LHB Pedro Garza 0-0: Called Strike
0-1: Ball
1-1: Swinging Strike
1-2: Ball
2-2: Ball
3-2: Base on Balls
Batting: LHB Fernão Manta 0-0: Ball
1-0: Foul Ball, location: 2F
1-1: Ball
2-1: Foul Ball, location: 2F
2-2: SINGLE (Line Drive, 89S, EV 96.9 MPH)
Adam Maczko to third
Pedro Garza to second
Runner from 3rd tries for Home, SAFE, throw by RF to home
Batting: SHB Jesus Gomez 0-0: Ball
1-0: Ball
2-0: Foul Ball, location: 2F
2-1: Ball
3-1: Base on Balls
Pedro Garza to third
Fernão Manta to second
Batting: RHB Kekoa Kahele 0-0: Ball
1-0: Ball
2-0: Ball
3-0: Base on Balls
Pedro Garza scores
Fernão Manta to third
Jesus Gomez to second
Pitching: RHP Seth Wright
Batting: RHB Will Barksdale 0-0: Called Strike
0-1: Foul Ball, location: 2F
0-2: Ball
1-2: Ball
2-2: Ball
3-2: SINGLE (Groundball, 6MD, EV 96.9 MPH)
Fernão Manta scores
Jesus Gomez to third
Kekoa Kahele to second
Jesus Gomez scores
Kekoa Kahele to third
Batting: SHB Jason Todd 0-0: Ball
1-0: Foul Ball, location: 2F
1-1: Ball
2-1: Foul Ball, location: 2F
2-2: Ball
3-2: Base on Balls
Will Barksdale to second
Batting: SHB Javy Franco 0-0: Called Strike
0-1: Ball
1-1: Ball
2-1: Foul Ball, location: 2F
2-2: Ball
3-2: SINGLE (Groundball, 3D, EV 98.1 MPH)
Kekoa Kahele scores
Will Barksdale to third
Jason Todd to second
Will Barksdale scores
Jason Todd to third
Pitching: RHP Cody Hadden
Batting: SHB Alex Noval 0-0: Called Strike
0-1: Ball
1-1: Ball
2-1: Foul Ball, location: 2F
2-2: SINGLE (Groundball, 56S, EV 67.5 MPH) (infield hit)
Jason Todd scores
Javy Franco to second
Batting: RHB Adam Maczko 0-0: Ball
1-0: Ball
2-0: Called Strike
2-1: Ball
3-1: Foul Ball, location: 2F
3-2: Foul Ball, location: 2F
3-2: Base on Balls
Javy Franco to third
Alex Noval to second
Batting: LHB Pedro Garza 0-0: Ground out 5-3 (Groundball, 56, EV 106.9 MPH)
Bottom of the 5th over - 8 runs, 5 hits, 0 errors, 3 left on base; Washington (APP) 2 - Ogden 17
TOP OF THE 6TH
Washington (APP) Nationals batting - Pitching for Ogden Raptors : RHP Drew Manderfield
Pitching: LHP Brian Gardner
Batting: RHB Akira Ishihara 0-0: Ball
1-0: Foul Ball, location: 2F
1-1: Ball
2-1: Foul Ball, location: 2F
2-2: Ball
3-2: Foul Ball, location: 2F
3-2: Strikes out swinging
Batting: RHB Ryan Wright 0-0: Ball
1-0: Called Strike
1-1: Fly out, F4 (Popup, 4D, EV 51.9 MPH)
Batting: LHB Emery Helm 0-0: Ball
1-0: Foul Ball, location: 2F
1-1: Ball
2-1: Foul Ball, location: 2F
2-2: Foul Ball, location: 2F
2-2: Ball
3-2: Foul Ball, location: 2F
3-2: Base on Balls
Batting: RHB Steve Boice 0-0: Ball
1-0: Foul Ball, location: 2F
1-1: Ball
2-1: Foul Ball, location: 2F
2-2: Strikes out swinging
Top of the 6th over - 0 runs, 0 hits, 0 errors, 1 left on base; Washington (APP) 2 - Ogden 17
BOTTOM OF THE 6TH
Ogden Raptors batting - Pitching for Washington (APP) Nationals : RHP Cody Hadden
Batting: LHB Fernão Manta 0-0: Foul Ball, location: 2F
0-1: SOLO HOME RUN (Flyball, 89XD, EV 85.0 MPH) (Inside the Park)
Batting: SHB Jesus Gomez 0-0: Ball
1-0: Ball
2-0: Called Strike
2-1: Ball
3-1: Foul Ball, location: 2F
3-2: Foul Ball, location: 2F
3-2: Foul Ball, location: 2F
3-2: Base on Balls
Pitching: RHP Coltyn Forte
Batting: RHB Kekoa Kahele 0-0: Ball
1-0: Called Strike
1-1: Foul Ball, location: 2F
1-2: Fly out, F5 (Popup, 56S, EV 75.6 MPH)
Batting: RHB Will Barksdale 0-0: Called Strike
0-1: Called Strike
0-2: Strikes out swinging
Batting: SHB Jason Todd 0-0: Ball
1-0: Foul Ball, location: 2F
1-1: Called Strike
1-2: Ground out 6-3 (Groundball, 6S, EV 83.8 MPH)
Bottom of the 6th over - 1 run, 1 hit, 0 errors, 1 left on base; Washington (APP) 2 - Ogden 18
TOP OF THE 7TH
Washington (APP) Nationals batting - Pitching for Ogden Raptors : LHP Brian Gardner
Batting: RHB Jorge Torres 0-0: Ball
1-0: Swinging Strike
1-1: Called Strike
1-2: DOUBLE (Line Drive, 9LD, EV 103.8 MPH)
Batting: RHB Alex Gonzalez 0-0: Hit by Pitch
Pitching: RHP Bill Dyck
Batting: RHB Trent Spivey 0-0: Ball
1-0: Hit by Pitch
Jorge Torres to third
Alex Gonzalez to second
Batting: RHB Victor Rojas 0-0: Ball
1-0: Foul Ball, location: 2F
1-1: Ball
2-1: Fielders Choice at 2nd, 6-4 (Groundball, 6, EV 105.0 MPH)
Jorge Torres scores
Alex Gonzalez to third
Batting: RHB Ivan Torres 0-0: Ball
Victor Rojas steals 2nd base (no throw)
1-0: Ball
2-0: Ball
3-0: Swinging Strike
3-1: Swinging Strike
3-2: Strikes out swinging
Batting: RHB Akira Ishihara 0-0: Ball
1-0: Ball
Wild Pitch!
Alex Gonzalez scores
Victor Rojas to third
2-0: Called Strike
2-1: Swinging Strike
2-2: Foul Ball, location: 2F
2-2: Ground out 4-3 (Groundball, 4, EV 86.2 MPH)
Top of the 7th over - 2 runs, 1 hit, 0 errors, 1 left on base; Washington (APP) 4 - Ogden 18
BOTTOM OF THE 7TH
Ogden Raptors batting - Pitching for Washington (APP) Nationals : RHP Coltyn Forte
Batting: SHB Javy Franco 0-0: Ball
1-0: Ball
2-0: Foul Ball, location: 2F
2-1: Ball
3-1: Base on Balls
Batting: SHB Alex Noval 0-0: Foul Ball, location: 2F
0-1: Ball
1-1: Ball
2-1: Called Strike
2-2: Ball
3-2: Foul Ball, location: 2F
3-2: Foul Ball, location: 2F
3-2: Foul Ball, location: 2F
3-2: Foul Ball, location: 2F
3-2: Fly out, F7 (Flyball, 7D, EV 96.9 MPH)
Pitching: RHP Karl-Anthony Aure
Batting: RHB Adam Maczko 0-0: Ball
1-0: Ball
2-0: Ball
3-0: Base on Balls
Javy Franco to second
Batting: LHB Pedro Garza 0-0: Called Strike
0-1: Swinging Strike
Passed Ball!
Javy Franco to third
Adam Maczko to second
0-2: SINGLE (Flyball, 8RS, EV 96.2 MPH)
Javy Franco scores
Adam Maczko to third
Batting: LHB Fernão Manta 0-0: Called Strike
0-1: Fly out, F7 (Flyball, 7LM, EV 93.8 MPH)
Runner from 3rd tags up, SCORES, throw by LF
Batting: SHB Jesus Gomez 0-0: 2-RUN HOME RUN (Flyball, 9LD, EV 94.4 MPH), Distance : 358 ft
Batting: RHB Kekoa Kahele 0-0: SOLO HOME RUN (Flyball, 78XD, EV 103.8 MPH), Distance : 417 ft
Pitching: RHP Kareem Linz
Batting: RHB Will Barksdale 0-0: Swinging Strike
0-1: Swinging Strike
0-2: Strikes out swinging
Bottom of the 7th over - 5 runs, 3 hits, 0 errors, 0 left on base; Washington (APP) 4 - Ogden 23
TOP OF THE 8TH
Washington (APP) Nationals batting - Pitching for Ogden Raptors : RHP Bill Dyck
Batting: RHB Ryan Wright 0-0: Ground out 4-3 (Groundball, 4, EV 78.8 MPH)
Batting: LHB Emery Helm 0-0: Foul Ball, location: 2F
0-1: Ball
1-1: Swinging Strike
1-2: Foul Ball, location: 2F
1-2: Strikes out swinging
Batting: RHB Steve Boice 0-0: Called Strike
0-1: Ball
1-1: Swinging Strike
1-2: Foul Ball, location: 2F
1-2: Strikes out swinging
Top of the 8th over - 0 runs, 0 hits, 0 errors, 0 left on base; Washington (APP) 4 - Ogden 23
BOTTOM OF THE 8TH
Ogden Raptors batting - Pitching for Washington (APP) Nationals : RHP Kareem Linz
Batting: SHB Jason Todd 0-0: Ball
1-0: Ground out U3 (Groundball, 3L, EV 83.8 MPH)
Batting: SHB Javy Franco 0-0: Ball
1-0: Ball
2-0: Ball
3-0: Base on Balls
Batting: SHB Alex Noval 0-0: Called Strike
0-1: Foul Ball, location: 2F
0-2: Ground out U3 (Groundball, 34S, EV 67.5 MPH)
Javy Franco to second
Batting: RHB Adam Maczko 0-0: Called Strike
0-1: Foul Ball, location: 2F
0-2: Fly out, F9 (Flyball, 9, EV 93.8 MPH)
Bottom of the 8th over - 0 runs, 0 hits, 0 errors, 1 left on base; Washington (APP) 4 - Ogden 23
TOP OF THE 9TH
Washington (APP) Nationals batting - Pitching for Ogden Raptors : RHP Bill Dyck
Batting: RHB Jorge Torres 0-0: Swinging Strike
0-1: Swinging Strike
0-2: Ball
1-2: Strikes out looking
Batting: RHB Alex Gonzalez 0-0: Ground out 6-3 (Groundball, 56, EV 107.5 MPH)
Batting: RHB Trent Spivey 0-0: Ball
1-0: Ball
2-0: Called Strike
2-1: Called Strike
2-2: Strikes out swinging
Top of the 9th over - 0 runs, 0 hits, 0 errors, 0 left on base; Washington (APP) 4 - Ogden 23
Sunday, July 16th , 2023 - OOTP Baseball 24.6 Build 69